 Dungeon Crawl Stone Soup version 0.30-a0-374-g95c0257040 (webtiles) character file.

Game seed: 6857330063105846435

18534 NinjaNoafa the Brawler (level 12, -1/111 HPs)
             Began as a Troll Monk on Nov 26, 2022.
             Was a High Priest of Wu Jian.
             Slain by an 11-headed hydra (13 damage)
             ... on level 2 of the Lair of Beasts.
             The game lasted 00:24:29 (9817 turns).

NinjaNoafa the Brawler (Troll Monk)                 Turns: 9817, Time: 00:24:30

Health: -1/111     AC: 18    Str: 22    XL:     12   Next: 28%
Magic:  11/11      EV: 10    Int:  6    God:    Wu Jian [*****.]
Gold:   573        SH: 10    Dex: 16    Spells: 11/11 levels left

rFire   . . .      SeeInvis .      - Unarmed
rCold   . . .      Faith    +    I - +0 kite shield
rNeg    + . .      Spirit   .    x - +2 troll leather armour {Pargi}
rPois   .          Reflect  .    P - +2 hat {Will+}
rElec   .          Harm     .    H - +2 cloak
rCorr   .          Rampage  .    (gloves unavailable)
Will    +....      Clarity  +    (boots unavailable)
Stlth   ++........               A - amulet of faith
HPRegen 1.98/turn                D - ring of positive energy
MPRegen 0.12/turn                G - +4 ring of protection

@: no status effects
A: large, unfitting armour, claws 3, regeneration 1, shaggy fur 1, tough skin 1,
horns 1, clarity
a: Renounce Religion, Wall Jump, Serpent's Lash, Heavenly Storm


You were on level 2 of the Lair of Beasts.
You worshipped Wu Jian.
Wu Jian was extremely pleased with you.
You visited 3 branches of the dungeon, and saw 15 of its levels.
You also visited: Sewer.

You collected 823 gold pieces.
You spent 250 gold pieces at shops.

Inventory:

Missiles
 g - 135 stones
 i - 42 poisoned darts
 y - 10 boomerangs
 R - 5 javelins
Armour
 x - a +2 troll leather armour (worn) {Pargi}
 H - a +2 cloak (worn)
 I - a +0 kite shield (worn)
 P - a +2 hat of willpower (worn)
Jewellery
 A - an amulet of faith (around neck)
 D - a ring of positive energy (left claw)
 G - a +4 ring of protection (right claw)
 J - a ring of flight
 L - a ring of protection from fire
Wands
 f - a wand of acid (9)
 n - a wand of flame (41)
 p - a wand of mindburst (7)
 v - a wand of charming (2)
 z - a wand of polymorph (13)
 E - a wand of iceblast (17)
Scrolls
 d - 2 scrolls of magic mapping {unknown}
 e - 4 scrolls of blinking {unknown}
 h - 6 scrolls of fear {unknown}
 o - a scroll of brand weapon
 q - 5 scrolls of teleportation {unknown}
 B - a scroll of immolation {unknown}
 F - 3 scrolls of vulnerability {unknown}
 K - 2 scrolls of poison
 N - a scroll of fog
 Q - a scroll of amnesia
Potions
 a - 4 potions of cancellation
 b - 3 potions of ambrosia
 c - 3 potions of might
 j - 8 potions of curing
 k - 2 potions of heal wounds
 l - 6 potions of attraction
 m - 2 potions of haste
 r - 8 potions of degeneration
 s - 4 potions of mutation
 t - 2 potions of brilliance
 u - 2 potions of berserk rage
 w - a potion of lignification {unknown}
 C - 4 potions of flight
 O - a potion of resistance {unknown}
Miscellaneous
 M - a tin of tremorstones (inert)


   Skills:
 - Level 5.0 Fighting
 - Level 5.0 Armour
 - Level 5.0 Dodging
 - Level 1.0 Stealth
 * Level 7.9 Shields
 - Level 16.0 Unarmed Combat


You had 11 spell levels left.
You didn't know any spells.
Your spell library contained the following spells:

 Spells                   Type           Power      Damage    Failure   Level
 Beastly Appendage        Tmut           0%         N/A       75%         1
 Kiss of Death            Conj/Necr      0%         2d5       75%         1
 Confusing Touch          Hex            0%         N/A       98%         3
 Inner Flame              Hex/Fire       0%         N/A       98%         3
 Dispel Undead            Necr           0%         3d6       100%        4
 Flame Wave               Conj/Fire      0%         2d4       100%        4
 Sticky Flame             Conj/Fire      0%         2d3       100%        4


Dungeon Overview and Level Annotations

Branches:
Dungeon (12/15)            Temple (1/1) D:5            Lair (2/5) D:10
 Spider (0/4) Lair:2          Orc (0/2) D:12          Sewer (visited)
  Swamp: Lair:2-3    Shoals: Lair:2-3

Altars:
Ashenzari
Cheibriados
Dithmenos
Elyvilon
Fedhas
Gozag
Hepliaklqana
Kikubaaqudgha
Makhleb
Nemelex Xobeh
Okawaru
Qazlal
Ru
Sif Muna
Trog
Uskayaw
Vehumet
Wu Jian
Xom
Yredelemnul
Zin
The Shining One

Shops:
D:4 *


Innate Abilities, Weirdness & Mutations

You are too large for most types of armour.
You have claws for hands.
Your natural rate of healing is unusually fast.
You are covered in fur. (AC +1)
You have tough skin. (AC +1)
You have a pair of small horns on your head.
You possess an exceptional clarity of mind.


Message History

The nine-headed hydra bites you.
The nine-headed hydra bites you but does no damage.
You block the nine-headed hydra's attack.
The nine-headed hydra bites you.
* * * LOW HITPOINT WARNING * * *
The nine-headed hydra bites you!
* * * LOW HITPOINT WARNING * * *
You are too injured to fight recklessly!
Aiming: Wall Jump
Press: ? - help, Dir - move target, p - nine-headed hydra You repeatedly attack the nine-headed hydra from above.
You claw one of the nine-headed hydra's heads off!
The eight-headed hydra grows two more!
You claw the ten-headed hydra!
The ten-headed hydra is almost dead.
You rip one of the ten-headed hydra's heads off!
The nine-headed hydra grows two more!
You claw the 11-headed hydra! You headbutt the 11-headed hydra.
The 11-headed hydra is almost dead.
You scratch the 11-headed hydra.
Your headbutt misses the 11-headed hydra.
The 11-headed hydra is almost dead.
The 11-headed hydra bites you but does no damage.
The 11-headed hydra bites you.
* * * LOW HITPOINT WARNING * * *
The 11-headed hydra bites you but does no damage. x3
The 11-headed hydra closely misses you. The 11-headed hydra bites you!
* * * LOW HITPOINT WARNING * * *
You block the 11-headed hydra's attack. The 11-headed hydra barely misses you.
You block the 11-headed hydra's attack. x2
The 11-headed hydra bites you but does no damage.
The 11-headed hydra closely misses you. The 11-headed hydra bites you.
* * * LOW HITPOINT WARNING * * *
You block the 11-headed hydra's attack. The 11-headed hydra bites you.
* * * LOW HITPOINT WARNING * * *
The 11-headed hydra bites you but does no damage. x2
The 11-headed hydra barely misses you. The 11-headed hydra bites you.
* * * LOW HITPOINT WARNING * * *
The 11-headed hydra bites you but does no damage.
The 11-headed hydra bites you!
You die...

##.###......# ###.........
#.........### ##.........
.~~~~.....#P####..........
.≈~≈≈≈~~.............####.P
.≈~≈≈≈≈≈~~............# ###
≈≈≈≈≈≈~...........#
≈~≈≈≈≈~.....>.÷...#
..~~≈~°○○.......÷.#####
.>.~~~○@○.........#.#.#
......°○D............##
....#####.#...)......#
....P #.# ######.......###
....# # #.........## #
#....# ####.......###
.##....# #.##.......###
......# ##....##......
.....# ##.....##P....


You could see a 11-headed hydra.

Vanquished Creatures
  Gastronok (Lair:1)
  A hydra (Lair:2)
  Erolcha (D:10)
  The ghost of garrulousMonolith the Basher, a journeyman GrFi of Okawaru (D:10)
  2 two-headed ogres (D:11)
  Urug (Lair:2)
  An ugly thing (D:11)
  Joseph (D:7)
  2 black mambas (Lair:2)
  A gargoyle (D:11)
  A cane toad (Lair:1)
  Maggie (D:7)
  An unseen horror (D:11)
  4 komodo dragons
  2 trolls (D:10)
  A meliai (Lair:2)
  Grinder (D:3)
  A shadow (D:10)
  2 wyverns
  A wraith (D:11)
  19 yaks
  A basilisk (Lair:1)
  A steam dragon (D:8)
  4 vampire mosquitoes (D:11)
  Edmund (D:5)
  6 water moccasins
  Pargi (Sewer)
  Duvessa (D:6)
  3 orc warriors
  A black bear (D:7)
  2 sky beasts (D:7)
  The ghost of qeuew the Trooper, an amateur DsMo (D:3)
  5 wolves
  An ogre (D:6)
  A centaur (D:7)
  2 kobold brigands
  Blork the orc (D:4)
  8 bullfrogs
  2 necrophages (D:4)
  4 scorpions
  2 gnoll sergeants
  11 wights
  Dowan (D:6)
  8 killer bees
  2 howler monkeys
  An electric eel (D:10)
  3 quasits (D:4)
  4 hounds
  A gnoll bouda (D:4)
  3 orc priests
  Crazy Yiuf (D:4)
  2 jellies
  8 iguanas
  7 orc wizards
  11 gnolls
  10 adders
  2 shadow imps (D:4)
  2 white imps (D:4)
  An ufetubus (D:4)
  A worm (D:5)
  A dart slug (D:4)
  34 orcs
  6 endoplasms
  9 giant cockroaches
  5 goblins
  18 hobgoblins
  6 jackals (D:2)
  8 quokkas
  4 ball pythons
  3 bats
  3 frilled lizards (D:1)
  13 kobolds
  4 rats
287 creatures vanquished.

Vanquished Creatures (collateral kills)
  An endoplasm (D:4)
1 creature vanquished.

Vanquished Creatures (others)
  4 demonic plants (D:4)
  A fungus (Lair:1)
  8 plants
13 creatures vanquished.

Grand Total: 301 creatures vanquished

Notes
Turn   | Place    | Note
-------+----------+-------------------------------------------
     0 | D:1      | NinjaNoafa the Troll Monk began the quest for the Orb.
     0 | D:1      | Reached XP level 1. HP: 22/22 MP: 0/0
    69 | D:1      | Reached XP level 2. HP: 28/29 MP: 1/1
   498 | D:2      | Reached skill level 4 in Unarmed Combat
   684 | D:2      | Found a faded altar of an unknown god.
   687 | D:2      | Got Plato's Handbook of Sculpting
   724 | D:2      | Reached XP level 3. HP: 36/36 MP: 2/2
  1039 | D:3      | Noticed qeuew's ghost (amateur DsMo)
  1042 | D:3      | Found a transporter.
  1050 | D:3      | Found a transporter.
  1181 | D:3      | Found a glowing drain.
  1197 | D:3      | Reached XP level 4. HP: 44/44 MP: 3/3
  1198 | Sewer    | Entered a sewer
  1213 | Sewer    | Noticed Pargi
  1224 | Sewer    | Killed Pargi
  1225 | Sewer    | Reached skill level 6 in Unarmed Combat
  1225 | Sewer    | Reached XP level 5. HP: 40/50 MP: 4/4
  1461 | D:3      | Found a burning altar of Makhleb.
  1492 | D:3      | Found a shimmering blue altar of Sif Muna.
  1827 | D:3      | Killed qeuew's ghost
  1828 | D:3      | Reached XP level 6. HP: 50/59 MP: 5/5
  1829 | D:3      | Reached skill level 7 in Unarmed Combat
  1914 | D:4      | Noticed Grinder
  1960 | D:3      | Killed Grinder
  1961 | D:3      | Reached skill level 8 in Unarmed Combat
  1961 | D:3      | Reached XP level 7. HP: 48/66 MP: 6/6
  2019 | D:4      | Reached skill level 9 in Unarmed Combat
  2039 | D:4      | Found an iron altar of Okawaru.
  2125 | D:4      | Found a runed translucent door.
  2126 | D:4      | Noticed Crazy Yiuf
  2217 | D:4      | Noticed Blork the orc
  2237 | D:4      | Killed Blork the orc
  2238 | D:4      | Reached XP level 8. HP: 60/74 MP: 7/7
  2243 | D:4      | Reached skill level 10 in Unarmed Combat
  2415 | D:4      | Identified the +8 sling of the Ghost {freeze, rElec rPois
                  | rC+ Will+}
  2536 | D:4      | Found Sirr's Assorted Antiques.
  2557 | D:4      | Bought a blackened platinum amulet for 125 gold pieces
  2832 | D:5      | Entered Level 5 of the Dungeon
  2878 | D:5      | Identified the +5 mace "Vorout" {freeze, *Slow rPois rF++
                  | MP+9}
  3021 | D:5      | Noticed Edmund
  3031 | D:5      | Killed Edmund
  3221 | D:5      | Found a staircase to the Ecumenical Temple.
  3238 | Temple   | Entered the Ecumenical Temple
  3254 | Temple   | Became a worshipper of the Wu Jian Council
  3254 | Temple   | Reached * piety under Wu Jian
  3254 | Temple   | Reached ** piety under Wu Jian
  3293 | D:5      | Reached skill level 11 in Unarmed Combat
  3756 | D:4      | Killed Crazy Yiuf
  3945 | D:6      | Reached skill level 12 in Unarmed Combat
  3974 | D:6      | Gained mutation: You sometimes lose your temper in combat.
                  | [potion of mutation]
  3974 | D:6      | Gained mutation: Your spells are a little easier to cast,
                  | but a little less powerful. [potion of mutation]
  3974 | D:6      | Gained mutation: Armour fits poorly on your strangely
                  | shaped body. [potion of mutation]
  3974 | D:6      | Gained mutation: Your flesh is heat resistant. (rF+)
                  | [potion of mutation]
  3975 | D:6      | Lost mutation: Armour fits poorly on your strangely shaped
                  | body. [potion of mutation]
  3975 | D:6      | Lost mutation: Your flesh is heat resistant. (rF+) [potion
                  | of mutation]
  3975 | D:6      | Lost mutation: You sometimes lose your temper in combat.
                  | [potion of mutation]
  3976 | D:6      | Lost mutation: Your spells are a little easier to cast, but
                  | a little less powerful. [potion of mutation]
  3976 | D:6      | Gained mutation: You possess an exceptional clarity of
                  | mind. [potion of mutation]
  3976 | D:6      | Gained mutation: You have a pair of small horns on your
                  | head. [potion of mutation]
  4009 | D:6      | Reached XP level 9. HP: 74/80 MP: 8/8
  4292 | D:6      | Found a hazy altar of Hepliaklqana.
  4300 | D:6      | Found a shimmering altar of Xom.
  4301 | D:6      | Noticed a spectral ugly thing
  4336 | D:6      | Noticed Duvessa
  4336 | D:6      | Noticed Dowan
  4339 | D:6      | Killed Duvessa
  4345 | D:6      | Killed Dowan
  4345 | D:6      | Reached *** piety under Wu Jian
  4452 | D:4      | Bought a scroll of identify for 50 gold pieces
  4506 | D:4      | Bought a scroll labelled DETEJU NILA for 25 gold pieces
  4506 | D:4      | Bought a scroll labelled ISAAFA FOTIBRE for 25 gold pieces
  4506 | D:4      | Bought a scroll labelled BUXZAWNA RAGH for 25 gold pieces
  4682 | D:7      | Reached skill level 13 in Unarmed Combat
  4963 | D:7      | Noticed Maggie
  4972 | D:7      | Killed Maggie
  5099 | D:7      | Noticed Joseph
  5107 | D:7      | Killed Joseph
  5108 | D:7      | Reached skill level 14 in Unarmed Combat
  5261 | D:7      | Reached XP level 10. HP: 88/88 MP: 9/9
  5740 | D:8      | Reached skill level 15 in Unarmed Combat
  5876 | D:8      | Reached **** piety under Wu Jian
  6042 | D:8      | Found a sparkling altar of Nemelex Xobeh.
  6569 | D:9      | Found a shadowy altar of Dithmenos.
  6802 | D:9      | Identified the +7 spear of Invincibility {vorpal, rPois
                  | Int+3}
  6835 | D:10     | Entered Level 10 of the Dungeon
  6849 | D:10     | Found a runed translucent door.
  6850 | D:10     | Noticed garrulousMonolith's ghost (journeyman GrFi)
  6899 | D:10     | Reached skill level 16 in Unarmed Combat
  7014 | D:10     | Reached skill level 1 in Armour
  7430 | D:10     | Found a staircase to the Lair.
  7450 | D:10     | Noticed Erolcha
  7455 | D:10     | Killed Erolcha
  7456 | D:10     | Reached XP level 11. HP: 42/98 MP: 10/10
  7860 | D:10     | Killed garrulousMonolith's ghost
  8047 | D:11     | Noticed a purple ugly thing
  8053 | D:11     | Killed a purple ugly thing
  8120 | D:11     | Noticed a two-headed ogre
  8126 | D:11     | Killed a two-headed ogre
  8247 | D:11     | Reached skill level 5 in Fighting
  8247 | D:11     | Reached skill level 5 in Dodging
  8413 | D:11     | Reached skill level 5 in Armour
  8416 | D:11     | Reached skill level 1 in Shields
  8463 | D:11     | Noticed a two-headed ogre
  8470 | D:11     | Killed a two-headed ogre
  8470 | D:11     | Reached ***** piety under Wu Jian
  8695 | D:12     | Found a staircase to the Orcish Mines.
  8762 | Lair:1   | Entered Level 1 of the Lair of Beasts
  8770 | Lair:1   | Noticed Gastronok
  8794 | Lair:1   | Killed Gastronok
  8888 | Lair:1   | Reached skill level 5 in Shields
  9006 | Lair:1   | Reached XP level 12. HP: 110/111 MP: 11/11
  9485 | Lair:2   | Noticed Urug
  9495 | Lair:2   | Killed Urug
  9558 | Lair:2   | Noticed a six-headed hydra
  9574 | Lair:2   | Killed an eight-headed hydra
  9691 | Lair:2   | Found a hole to the Spider Nest.
  9800 | Lair:2   | Noticed a seven-headed hydra
  9817 | Lair:2   | Slain by an 11-headed hydra

Illustrated notes

Levels and vault maps discovered:
D:1:      psy_arrival_conway, layout_rooms
D:2:      layout_rooms, shapermc_ecumenical_altar_rom_forum
D:3:      layout_rooms, mainiacjoe_overflow_two_lobes, gammafunk_ghost_arena,
          gup_sewer_entry_pipe, minmay_quadrilaterals
D:4:      layout_loops_ring, mainiacjoe_overflow_alcove_2, serial_demonic,
          serial_demonic_d, serial_demonic_e, serial_demonic_b,
          serial_demonic_g, serial_demonic_a, serial_shops, shop,
          kennysheep_generic_room_7, uniq_crazy_yiuf_cottage, uniq_grinder,
          uniq_blork_the_orc
D:5:      corexii_shack_village, layout_basic, temple_fountains, uniq_edmund
D:6:      layout_rooms, regret_index_temple_of_mockery, uniq_duvessa
D:7:      layout_basic, uniq_maggie, uniq_joseph
D:8:      layout_cave_pods, nemelex_spade_bored_becter
D:9:      layout_basic, lemuel_crystal_altar
D:10:     cheibrodos_helix_gallery, layout_basic, david_lair_shrubbed,
          hellmonk_ghost_happy_afterlife, uniq_erolcha
D:11:     layout_loops_ring
D:12:     layout_cave_pools, orc_david_3
Temple:   hellmonk_temple_two_chambers
Lair:1:   layout_roguey, uniq_gastronok
Lair:2:   layout_cellular_growth, hellmonk_spider_entry_not_the_bees,
          infiniplex_staircase_pool, uniq_prince_ribbit2, uniq_harold, uniq_urug

Skill      XL: |  1  2  3  4  5  6  7  8  9 10 11 12 |
---------------+-------------------------------------+-----
Unarmed Combat | 4 6 8 9 12 14 16 | 16.0
Armour         | 2 5 |  5.0
Fighting       | 3 5 |  5.0
Dodging        | 3 5 |  5.0
Shields        | 5 7 |  7.9
Stealth        | |  1.0

Action                   |  1- 3 |  4- 6 |  7- 9 | 10-12 || total
-------------------------+-------+-------+-------+-------++-------
Melee: Unarmed           |   127 |    97 |   278 |   401 ||   903
       Punch             |     1 |     4 |    16 |    14 ||    35
       Headbutt          |       |       |    19 |    62 ||    81
Throw: Boomerang         |       |       |     9 |       ||     9
Invok: Whirlwind         |       |       |    37 |   130 ||   167
       Lunge             |       |       |    14 |    19 ||    33
 Abil: Wall Jump         |       |       |    10 |    22 ||    32
Evoke: Wand              |       |     4 |       |    20 ||    24
       Tin of tremorston |       |       |       |     2 ||     2
  Use: Scroll            |       |     4 |     3 |    11 ||    18
       Potion            |       |       |     3 |     1 ||     4
 Stab: Sleeping          |     2 |     1 |     3 |     3 ||     9
       Paralysed         |       |     1 |       |       ||     1
Armor: Robe              |    49 |     7 |       |       ||    56
       Troll leather arm |       |    47 |   121 |   196 ||   364
Dodge: Dodged            |    66 |    66 |   137 |   155 ||   424
Block: Kite shield       |       |       |       |   107 ||   107

Table legend: (Time is in decaauts)
 A = Elapsed time spent in this place.
 B = Non-inter-level travel time spent in this place.
 C = Inter-level travel time spent in this place.
 D = Time resting spent in this place.
 E = Time spent auto-exploring this place.
 F = Levels seen in this place.
 G = Mean time per level.
                   A        B        C        D        E       F      G
               +--------+--------+--------+--------+--------+-----+--------+
         Total |   9818 |   9174 |    644 |      4 |   6937 |  16 |  613.6 |
       Dungeon |   8567 |   7935 |    632 |      4 |   6033 |  12 |  713.9 |
        Temple |     22 |     16 |      6 |      0 |      7 |   1 |   22.0 |
          Lair |   1085 |   1080 |      5 |      0 |    812 |   2 |  542.5 |
         Sewer |    143 |    143 |      0 |      0 |     84 |   1 |  143.0 |
               +--------+--------+--------+--------+--------+-----+--------+

Top non-repeatable levels by time:
    D:10: 1156 daAuts
     D:4: 1149 daAuts
     D:5: 939 daAuts
     D:3: 821 daAuts
     D:7: 806 daAuts
    D:11: 765 daAuts
     D:8: 742 daAuts
     D:9: 736 daAuts
  Lair:1: 630 daAuts
     D:6: 524 daAuts
     D:2: 465 daAuts
  Lair:2: 454 daAuts
     D:1: 450 daAuts
   Sewer: 143 daAuts
  Temple: 22 daAuts
